 Dungeon Crawl Stone Soup version 0.32-a0-685-g93135e86f0 (webtiles) character file.

Game seed: 5052177751016956

497 Hubris850 the Shield-Bearer (level 6, 0/56 HPs)
             Began as a Mountain Dwarf Fighter on Mar 12, 2024.
             Slain by an iguana (10 damage)
             ... on level 5 of the Dungeon.
             The game lasted 00:07:30 (2909 turns).

Hubris850 the Shield-Bearer (MDFi)                  Turns: 2909, Time: 00:07:30

Health: 0/56       AC: 12    Str: 21    XL:     6   Next: 93%
Magic:  6/6        EV:  8    Int:  8    God:
Gold:   226        SH:  4    Dex:  9    Spells: 5/5 levels left

rFire   + . .        a - +0 war axe
rCold   . . .        c - +0 buckler
rNeg    . . .        q - +3 chain mail {rF+}
rPois   .            (no helmet)
rElec   .            (no cloak)
rCorr   .            (no gloves)
SInv    .            (no boots)
Will    .....        (no amulet) Stlth
                     (no ring)
HPRegen 0.29/turn    (no ring)
MPRegen 0.10/turn

%: no passive effects
@: no status effects
A: runic magic, artefact enchanting
a: no special abilities


You were on level 5 of the Dungeon.
You visited 1 branch of the dungeon, and saw 5 of its levels.

You collected 226 gold pieces.

Inventory:

Hand Weapons
 a - a +0 war axe (weapon)
Missiles
 g - 12 boomerangs (quivered)
 m - 3 poisoned darts
 t - 5 javelins
Armour
 b - a +0 scale mail
 c - a +0 buckler (worn)
 q - a +3 chain mail of fire resistance (worn)
Wands
 p - a wand of polymorph (6)
Scrolls
 e - 3 scrolls of teleportation {unknown}
 f - a scroll of summoning {unknown}
 h - 4 scrolls of identify {unknown}
 k - 2 scrolls of enchant weapon {unknown}
 o - a scroll of blinking {unknown}
 s - a scroll of fear {unknown}
 w - a scroll of enchant armour {unknown}
Potions
 d - a potion of might
 i - 2 potions of lignification {unknown}
 j - a potion of berserk rage {unknown}
 l - a potion of ambrosia {unknown}
 n - 2 potions of cancellation {unknown}
 r - a potion of haste {unknown}
 u - a potion of attraction {unknown}
 v - a potion of magic {unknown}


   Skills:
 + Level 5.1 Fighting
 + Level 4.9 Axes
 + Level 5.1 Armour
 + Level 5.2 Shields


You had 5 spell levels left.
You didn't know any spells.
Your spell library was empty.

Dungeon Overview and Level Annotations

Branches:
Dungeon (5/15)
 Temple: D:4-7

Altars:

Shops:
D:4 [


Innate Abilities, Weirdness & Mutations

Your spellcasting is much less encumbered by armour.
You can use scrolls of enchantment on lesser artefacts.


Message History

You barely miss the water moccasin.
The water moccasin is severely wounded.
You barely miss the iguana. The iguana barely misses you.
The water moccasin bites you.
You closely miss the water moccasin.
The water moccasin is severely wounded.
You barely miss the iguana. You block the water moccasin's attack.
The iguana bites you but does no damage.
The water moccasin bites you but does no damage.
The iguana barely misses you.
You closely miss the water moccasin.
The water moccasin is severely wounded.
You barely miss the iguana. The water moccasin closely misses you.
The iguana closely misses you. The water moccasin barely misses you.
You slash the water moccasin!
You kill the water moccasin!
You closely miss the iguana. The iguana bites you.
Your Fighting skill increases to level 5!
Your Armour skill increases to level 5!
The iguana closely misses you.
You hit the iguana.
The iguana is moderately wounded.
You block the iguana's attack. The iguana closely misses you.
You closely miss the iguana.
The iguana is moderately wounded.
The iguana closely misses you.
You hit the iguana but do no damage.
The iguana is moderately wounded.
The iguana bites you but does no damage.
You hit the iguana but do no damage.
The iguana is moderately wounded.
The iguana closely misses you.
You slash the iguana!
The iguana is severely wounded.
The iguana bites you. The iguana bites you!
* * * LOW HITPOINT WARNING * * *
You hit the iguana but do no damage.
The iguana is severely wounded.
The iguana bites you!
You die...

#############
#.......)...#
#...........##
#............#
#............#
#.....l@.....#
#............#
#..........(.#
#............#########
#............#<......#
#............#######.#
#..........(.†.......#
#...........##########
##########.........


You could see an iguana.

Vanquished Creatures
  A water moccasin (D:5)
  A phantom (D:4)
  2 scorpions
  2 hounds
  A jelly (D:4)
  Ijyb (D:3)
  2 adders
  2 ribbon worms
  2 dart slugs
  6 endoplasms
  2 giant cockroaches
  6 goblins
  9 hobgoblins
  3 jackals (D:4)
  3 kobolds
  2 quokkas
  6 ball pythons
  4 bats
  5 frilled lizards
  3 rats
63 creatures vanquished.

Notes
Turn   | Place    | Note
-------+----------+-------------------------------------------
     0 | D:1      | Hubris850 the Mountain Dwarf Fighter began the quest for
                  | the Orb.
     0 | D:1      | Reached XP level 1. HP: 19/19 MP: 1/1
   217 | D:1      | Reached XP level 2. HP: 26/26 MP: 2/2
   980 | D:2      | Reached XP level 3. HP: 33/33 MP: 3/3
  1742 | D:3      | Noticed Ijyb
  1753 | D:3      | Killed Ijyb
  1754 | D:3      | Reached XP level 4. HP: 40/40 MP: 4/4
  2367 | D:4      | Found Cegiext's Antique Armour Shoppe.
  2393 | D:4      | Noticed a phantom
  2405 | D:4      | Killed a phantom
  2406 | D:4      | Reached XP level 5. HP: 47/47 MP: 5/5
  2603 | D:4      | Reached XP level 6. HP: 48/53 MP: 6/6
  2841 | D:5      | Entered Level 5 of the Dungeon
  2869 | D:5      | Reached skill level 5 in Shields
  2888 | D:5      | Noticed a water moccasin
  2901 | D:5      | Killed a water moccasin
  2902 | D:5      | Reached skill level 5 in Fighting
  2902 | D:5      | Reached skill level 5 in Armour
  2909 | D:5      | Slain by an iguana

Illustrated notes

Levels and vault maps discovered:
D:1:      ncdulo_halloftheorcs, layout_loops_ring
D:2:      layout_loops_ring, serial_forest, infiniplex_forest_end_1,
          infiniplex_forest_straight_4, infiniplex_forest_clump_double,
          infiniplex_forest_clump_small, infiniplex_forest_lined_room_2,
          infiniplex_forest_end_2, minmay_misc_feat_iff
D:3:      minmay_door_path, layout_basic, uniq_ijyb
D:4:      layout_gridville, serial_shops, nicolae_shop_hallway_plus
D:5:      layout_basic, lemuel_coloured_pillars_altar, minmay_manual_mess,
          uniq_grinder

Skill      XL: |  1  2  3  4  5  6 |
---------------+-------------------+-----
Axes           | 3 4 |  4.9
Armour         | 4 5 |  5.1
Shields        | 4 5 |  5.2
Fighting       | 4 5 |  5.1

Action                     |  1- 3 |  4- 6 || total
---------------------------+-------+-------++-------
  Melee: War axe           |   131 |   100 ||   231
         Unarmed           |     2 |       ||     2
  Throw: Boomerang         |       |     3 ||     3
 Armour: Scale mail        |    91 |       ||    91
         Chain mail        |       |    92 ||    92
  Dodge: Dodged            |    49 |    55 ||   104
  Block: Buckler           |    30 |    21 ||    51

Table legend: (Time is in decaauts)
 A = Elapsed time spent in this place.
 B = Non-inter-level travel time spent in this place.
 C = Inter-level travel time spent in this place.
 D = Time resting spent in this place.
 E = Time spent auto-exploring this place.
 F = Levels seen in this place.
 G = Mean time per level.
                   A        B        C        D        E       F      G
               +--------+--------+--------+--------+--------+-----+--------+
         Total |   2992 |   2879 |    113 |     58 |   2263 |   5 |  598.4 |
       Dungeon |   2992 |   2879 |    113 |     58 |   2263 |   5 |  598.4 |
               +--------+--------+--------+--------+--------+-----+--------+

Top non-repeatable levels by time:
     D:2: 896 daAuts
     D:3: 743 daAuts
     D:4: 655 daAuts
     D:1: 621 daAuts
     D:5: 76 daAuts
